[Event "ITT 1st Parada Jamundi 2022"]
[Site "Jamundi Valle"]
[Date "2022.12.11"]
[Round "9.20"]
[White "Rodriguez, Juan Gabriel"]
[Black "Cortes Castro, Jhonny"]
[Result "0-1"]
[ECO "C44"]
[WhiteElo "1665"]
[BlackElo "1954"]
[Annotator "TA"]
[PlyCount "166"]
[EventDate "2022.12.05"]
[EventType "swiss"]
[EventCountry "COL"]
[SourceTitle "playchess.com"]
[Source "ChessBase"]
[SourceQuality "1"]
[TimeControl "5400+30"]

1. e4 e5 2. Nf3 Nc6 3. d4 exd4 4. Bc4 Bb4+ 5. c3 dxc3 6. bxc3 Ba5 7. Qb3 {[%emt 0:00:39] C44: Ponziani Opening and Scotch Gambit.} (7. O-O $11) 7... Qe7 $15 8. O-O h6 $2 {[%emt 0:00:21] Prevents e5.} (8... Nf6 $17) 9. Ba3 {[%emt 0:00:14][%mdl 1024] White has strong compensation. White is clearly better.} Qf6 10. e5 $1 Qg6 {[%emt 0:00:01] [#]} 11. Nbd2 $146 ({Predecessor:} 11. Nh4 Qh5 12. Nf3 Nge7 13. Re1 O-O 14. Re4 Bb6 15. Bd3 g5 16. h3 Qg6 17. Qc2 {0-1 (35) Demic,A (1673)-Haskovic,S (1942) Sarajevo 2015}) 11... Nge7 12. Rfe1 Bb6 (12... O-O $16) 13. Rad1 $2 (13. Nh4 $18 Qh5 14. Re4) 13... O-O $1 $11 14. Qb1 (14. Nh4 $11 Qh5 15. Nhf3) 14... Qxb1 $1 $15 {[%emt 0:00:11] The board is on fire.} 15. Rxb1 Re8 16. Ne4 $2 ({White should play} 16. Bf1 $15) 16... Ng6 $19 17. Nc5 Ncxe5 18. Nxe5 Rxe5 (18... Nxe5 $19 19. Nd3 d6) 19. Nd3 $15 {[%emt 0:00:16] [#]} d6 {[%emt 0:02:20] And now ...Rxe1+ would win.} 20. Nxe5 Nxe5 21. Bd5 Be6 (21... g5 $15) 22. Bxb7 $11 Rb8 $36 {[%emt 0:00:01][%mdl 2048] Black fights for an advantage.} 23. Be4 Bxa2 24. Rb2 Be6 25. Rbe2 Bg4 (25... a5 $17 26. Ra1 a4) 26. Rc2 $15 Be6 ({Black should try} 26... Bd7 $15 27. Bd5 a5) 27. h3 (27. Rce2 $1 $11 {was the only way to keep the balance.}) 27... f5 28. Bf3 Nxf3+ 29. gxf3 Bd5 30. Kg2 Bc4 $1 31. Bc1 (31. Rb2 $142) 31... Kf7 32. h4 a5 33. Be3 a4 34. Ra1 Bb3 35. Rcc1 d5 (35... c5 $19 36. Bf4 Ke6) 36. Bf4 (36. Bxb6 $17 cxb6 37. h5) 36... Re8 $19 37. Kf1 Bc4+ 38. Kg2 Re2 39. Rf1 (39. Rxa4 $142 Rxf2+ 40. Kg3) 39... Bb3 40. Rae1 $2 (40. h5 {keeps fighting.}) 40... Rxe1 41. Rxe1 {[%emt 0:00:03][%mdl 4096] Endgame KRB-KB} a3 42. Bc1 a2 43. Bb2 Bc4 44. f4 Bc5 45. Kf3 Bd3 46. Rd1 Bc2 {[%emt 0:01:42] A strong pair of Bishops.} 47. Rd2 {[%emt 0:00:22] [#]} Ba3 $1 48. Ba1 Bb1 49. Ke2 c6 50. Rd4 Bc2 {[%emt 0:00:55] Prevents Ra4.} 51. Rd2 (51. Rb4 {might work better.}) 51... Bb3 52. Kf3 Be7 53. Rb2 {[%emt 0:01:16] [#]} Bc4 54. Rb7 Ke6 55. h5 Bf6 56. Ke3 c5 {[%emt 0:00:21][%cal Of6c3] aiming for ...Bxc3!} 57. Ra7 Kd6 {[%emt 0:00:14] White must now prevent ...Kc6.} 58. Ra4 $2 (58. Kd2 $17) 58... Kc6 59. Ra7 Kb6 60. Ra4 {[%emt 0:00:05] Against d4+} Kb5 61. Ra3 d4+ 62. Kd2 d3 63. Ra7 Kb6 {[%emt 0:00:15] Against Rb7+} 64. Rd7 Kc6 65. Rxd3 $2 (65. Ra7 $17) 65... Bxd3 66. Kxd3 $17 {[%emt 0:00:06] KB-KB} Be7 67. Kc4 Bd6 68. Kb3 Bxf4 $2 (68... c4+ $19 69. Kxa2 Kd5) 69. c4 $1 $11 Kd6 $1 {[%emt 0:00:02] ( -> ...Be5)} 70. Bxg7 Be5 {[%emt 0:00:20] [#]} (70... a1=B $11 {remains equal.} 71. Bxa1 Be5 72. Bxe5+ Kxe5) 71. Bf8+ $1 $16 Ke6 72. Kxa2 Bd4 73. Bxh6 ({Better is} 73. f4 $16 {[%cal Oa2b3] Strongly threatening Kb3!} Kf7 74. Bxh6) 73... Bxf2 $14 74. Bf4 Bd4 75. Ka3 Be5 76. Be3 $1 Bd6 77. Bg5 $2 (77. Ka4 $11) 77... f4 78. Kb3 Kf5 79. Bd8 f3 80. Bh4 Kg4 81. Bf2 Kxh5 82. Kc2 Bg3 $4 83. Bxg3 f2 {[%emt 0:02:00][%mdl 32768] A wild game.   Weighted Error Value: White=0.35/Black=0.24 (precise) . Loss on time!?} 0-1

[Event "ITT 1st Parada Jamundi 2022"]
[Site "Jamundi Valle"]
[Date "2022.12.11"]
[Round "9.22"]
[White "Hernandez Bermudez, Manuela"]
[Black "Palacios Gordillo, Camila Estefania"]
[Result "1/2-1/2"]
[ECO "C65"]
[WhiteElo "1815"]
[BlackElo "1625"]
[Annotator "NA RC COMBH"]
[PlyCount "93"]
[EventDate "2022.12.05"]
[EventType "swiss"]
[EventCountry "COL"]
[SourceTitle "playchess.com"]
[Source "ChessBase"]
[SourceQuality "1"]
[TimeControl "5400+30"]

1. e4 e5 2. Nf3 Nc6 3. Bb5 Nf6 4. d3 Bc5 5. Bxc6 dxc6 6. h3 Qe7 {[%emt 0:01:07] outshines the older 6...0-0.} 7. Nc3 O-O 8. O-O Nd7 9. Ne2 Re8 {[%emt 0:02:34] [#]} 10. g4 $146 ({Predecessor:} 10. Ng3 $11 Nf8 11. Be3 Ng6 12. Nf5 Qf8 13. h4 Bxe3 14. fxe3 f6 15. h5 Ne7 16. Ng3 {1-0 (31) Kavon,R-Harman,K (1711) ICCF email 2017}) 10... Nf8 11. Ng3 Ng6 (11... g6 $15) 12. Bg5 f6 13. Be3 Nf4 14. Kh2 Be6 15. Nh4 g6 16. Ng2 Nxg2 17. Kxg2 (17. Bxc5 {should be considered.} Qxc5 18. Kxg2) 17... g5 (17... Bxe3 $1 $11 18. fxe3 Rf8) 18. Rh1 Kg7 (18... Bxe3 $142 19. fxe3 Rf8) 19. Qf3 Bb6 ({Black should try} 19... Bxe3 20. fxe3 Kh8) 20. Rh2 Rh8 (20... Bxe3 $142 21. fxe3 Kh8) 21. Rah1 h6 22. h4 Raf8 23. a3 Qd7 24. Nf5+ Bxf5 25. gxf5 Qd8 26. Qg3 Bxe3 27. fxe3 c5 28. Qh3 Qe8 29. b3 Qh5 30. Kf2 Qe8 31. Qg3 Qd8 32. Rh3 Qe8 33. R3h2 Qd8 34. Qh3 Qe8 35. Qf3 Qf7 36. Ke2 Qe8 37. Rh3 Qf7 38. R1h2 Qe8 39. Rg3 Kf7 40. Kd2 Rfg8 $11 41. h5 Qb5 42. Kc1 Rd8 43. Qe2 Qa5 44. Kb2 Rd6 45. Qd2 Qb5 46. Qc3 b6 47. Rgh3 1/2-1/2

[Event "ITT 1st Parada Jamundi 2022"]
[Site "Jamundi Valle"]
[Date "2022.12.11"]
[Round "9.23"]
[White "Idrobo, Juan Manuel"]
[Black "Castro Castro, Joaquin"]
[Result "0-1"]
[ECO "B22"]
[WhiteElo "1809"]
[BlackElo "1797"]
[Annotator "NA RC COMBH"]
[PlyCount "72"]
[EventDate "2022.12.05"]
[EventType "swiss"]
[EventCountry "COL"]
[SourceTitle "playchess.com"]
[Source "ChessBase"]
[SourceQuality "1"]
[TimeControl "5400+30"]

1. e4 c5 2. d4 cxd4 3. c3 Nf6 4. e5 Nd5 5. cxd4 Nc6 6. Nf3 d6 7. Bc4 dxe5 8. dxe5 e6 9. O-O Be7 10. a3 O-O 11. Qe2 Qb6 12. Rd1 Na5 13. Ba2 Nb3 14. Bxb3 Qxb3 15. Nbd2 Qa4 16. Nf1 Bc5 17. h4 Bd7 18. Be3 Nxe3 19. Nxe3 Bc6 20. b4 Be7 21. h5 a5 22. Rd4 Qb5 23. Qxb5 Bxb5 24. Rad1 axb4 25. axb4 Ra4 26. Kh2 h6 27. Nc2 Rc8 28. Nfe1 Rc3 29. Rb1 Ra2 30. Rd2 Bg5 31. Rd4 Rcxc2 32. Nxc2 Rxc2 33. f3 Bc6 34. Kg3 Re2 35. Ra1 Be7 36. Rb1 Rxe5 0-1

[Event "ITT 1st Parada Jamundi 2022"]
[Site "Jamundi Valle"]
[Date "2022.12.11"]
[Round "9.24"]
[White "Estrada Velandia, Henry Andres"]
[Black "Sanchez Barreto, Josue Efrain"]
[Result "1-0"]
[ECO "D00"]
[WhiteElo "1883"]
[BlackElo "1349"]
[Annotator "NA RC COMBH"]
[PlyCount "100"]
[EventDate "2022.12.05"]
[EventType "swiss"]
[EventCountry "COL"]
[SourceTitle "playchess.com"]
[Source "ChessBase"]
[SourceQuality "1"]
[TimeControl "5400+30"]

1. d4 d5 2. e3 Nf6 3. Bd3 c5 4. c3 Nc6 5. f4 Bg4 6. Ne2 e6 7. Nd2 Bd6 8. O-O O-O 9. Qe1 Bf5 10. Bb1 Ne7 11. Ng3 Bxb1 12. Rxb1 Nf5 13. Nb3 Nxg3 14. hxg3 Ne4 15. g4 f5 16. g5 h6 17. gxh6 gxh6 18. Nd2 Nxd2 19. Bxd2 Kh7 20. Rf3 Rg8 21. Rh3 Qf6 22. Qe2 Rg4 23. Kf2 Rag8 24. g3 R8g6 25. Qb5 Qg7 26. Rg1 a6 27. Qb6 Qc7 28. Qxc7+ Bxc7 29. dxc5 Kg7 30. c4 dxc4 31. Rc1 e5 32. Rxc4 exf4 33. exf4 Rc6 34. Rh5 Kg6 35. Rh1 b6 36. Be3 h5 37. b3 bxc5 38. Rxc5 Rxc5 39. Bxc5 h4 40. Rxh4 Rxh4 41. gxh4 Bxf4 42. b4 Kh5 43. Kf3 Bd2 44. Be7 Kg6 45. a4 Kf7 46. Bc5 Ke6 47. b5 axb5 48. axb5 Kd5 49. b6 Kc6 50. Be3 Kd5 1-0

[Event "ITT 1st Parada Jamundi 2022"]
[Site "Jamundi Valle"]
[Date "2022.12.11"]
[Round "9.25"]
[White "Ramirez, Andres Felipe"]
[Black "Gomez Saenz, Manuela"]
[Result "1-0"]
[ECO "B52"]
[WhiteElo "1571"]
[BlackElo "1479"]
[Annotator "NA RC COMBH"]
[PlyCount "57"]
[EventDate "2022.12.05"]
[EventType "swiss"]
[EventCountry "COL"]
[SourceTitle "playchess.com"]
[Source "ChessBase"]
[SourceQuality "1"]
[TimeControl "5400+30"]

1. e4 c5 2. Nf3 d6 3. Bb5+ Bd7 4. a4 a6 5. Bxd7+ Nxd7 6. a5 Ngf6 7. d3 g6 8. O-O Bg7 9. Nbd2 O-O 10. Nc4 Qc7 11. Bd2 Ng4 12. Ra2 Rfb8 13. h3 Nge5 14. Nfxe5 Nxe5 15. Nb6 Ra7 16. Bc3 Nd7 17. Nd5 Qd8 18. Bxg7 Kxg7 19. Qd2 b6 20. Qc3+ Kg8 21. axb6 Nxb6 22. Ne3 Nd7 23. f4 e6 24. Ng4 h5 25. Nh6+ Kf8 26. f5 Qg5 27. fxe6 Ne5 28. Nxf7 Kg8 29. Nxg5 1-0

[Event "ITT 1st Parada Jamundi 2022"]
[Site "Jamundi Valle"]
[Date "2022.12.11"]
[Round "9.26"]
[White "Contreras, Camilo Andres"]
[Black "Caro Gallego, James Stiven"]
[Result "1/2-1/2"]
[ECO "B41"]
[WhiteElo "1848"]
[BlackElo "1884"]
[Annotator "NA RC COMBH"]
[PlyCount "105"]
[EventDate "2022.12.05"]
[EventType "swiss"]
[EventCountry "COL"]
[SourceTitle "playchess.com"]
[Source "ChessBase"]
[SourceQuality "1"]
[TimeControl "5400+30"]

1. e4 c5 2. Nf3 e6 3. d4 cxd4 4. Nxd4 a6 5. Bd3 Qc7 6. c4 Bc5 7. Nb3 Ba7 8. Qe2 Nc6 9. a3 Nd4 10. Nxd4 Bxd4 11. Be3 Qb6 12. Bxd4 Qxd4 13. O-O b6 14. Nc3 Bb7 15. Rad1 Ne7 16. Bc2 Qe5 17. Na4 Qc7 18. Rd2 Bc6 19. Rfd1 Ng6 20. c5 Bb5 21. Qe3 bxc5 22. Nxc5 Ne5 23. b3 Rc8 24. a4 Qxc5 25. Qxc5 Rxc5 26. axb5 axb5 27. f4 Ng4 28. Rxd7 O-O 29. R1d2 g6 30. Bd1 Nf6 31. R7d4 Rc3 32. Rb4 Rb8 33. Kf2 Rb7 34. Bf3 Rc5 35. e5 Nd5 36. Bxd5 exd5 37. Rbd4 Rd7 38. g4 Kf8 39. f5 Ke7 40. Ke3 h5 41. h3 hxg4 42. hxg4 gxf5 43. gxf5 Rc3+ 44. R2d3 Rxd3+ 45. Kxd3 Rd8 46. Kc3 f6 47. e6 Kd6 48. Kb4 Ke5 49. Rd1 Kxf5 50. e7 Re8 51. Re1 Kg6 52. Kxb5 Rxe7 53. Kb4 1/2-1/2

[Event "ITT 1st Parada Jamundi 2022"]
[Site "Jamundi Valle"]
[Date "2022.12.11"]
[Round "9.29"]
[White "Galan Palacio, Anjaly Daniela"]
[Black "Rendon, Isabela"]
[Result "1-0"]
[ECO "C56"]
[WhiteElo "1758"]
[BlackElo "1139"]
[Annotator "NA RC COMBH"]
[PlyCount "73"]
[EventDate "2022.12.05"]
[EventType "swiss"]
[EventCountry "COL"]
[SourceTitle "playchess.com"]
[Source "ChessBase"]
[SourceQuality "1"]
[TimeControl "5400+30"]

1. e4 e5 2. Nf3 Nc6 3. d4 exd4 4. Bc4 Nf6 5. O-O Be7 6. e5 Ne4 7. Re1 d5 8. exd6 Nxd6 9. Bd5 O-O 10. Bxc6 bxc6 11. Nxd4 Bb7 12. Nc3 Qd7 13. Na4 Nc4 14. b3 Nb6 15. Nxb6 cxb6 16. Nf5 Qxf5 17. Rxe7 Qf6 18. Ba3 Rfd8 19. Qe1 Rab8 20. Rb1 c5 21. Qe2 Qg5 22. f3 h6 23. Re1 Rd2 24. Qf1 Rxc2 25. h4 Qg6 26. h5 Qxh5 27. Qd3 Qg6 28. Qxg6 fxg6 29. Rc7 Rxa2 30. Bc1 Bd5 31. Bf4 Rf8 32. Bd6 Rd8 33. Bg3 Bxb3 34. Ree7 Rf8 35. Rxg7+ Kh8 36. Rh7+ Kg8 37. Rcg7# 1-0

[Event "ITT 1st Parada Jamundi 2022"]
[Site "Jamundi Valle"]
[Date "2022.12.11"]
[Round "9.30"]
[White "Pena Ramirez, Jatniel"]
[Black "Hernandez Jimenez, Xavi"]
[Result "0-1"]
[ECO "C54"]
[WhiteElo "1201"]
[BlackElo "1678"]
[Annotator "NA RC COMBH"]
[PlyCount "44"]
[EventDate "2022.12.05"]
[EventType "swiss"]
[EventCountry "COL"]
[SourceTitle "playchess.com"]
[Source "ChessBase"]
[SourceQuality "1"]
[TimeControl "5400+30"]

1. e4 e5 2. Nf3 Nc6 3. Bc4 Bc5 4. c3 Nf6 5. d3 d6 6. Bb3 Bb6 7. Nbd2 Ne7 8. Nf1 Ng6 9. Ng3 O-O 10. O-O Be6 11. h3 h6 12. Be3 Qd7 13. Qe2 Rae8 14. Rad1 Bxh3 15. gxh3 Qxh3 16. Nf5 Ng4 17. Rd2 Re6 18. Bd1 Rf6 19. Re1 Rxf5 20. exf5 Nh4 21. Qf1 Nxf3+ 22. Bxf3 Qh2# 0-1

[Event "ITT 1st Parada Jamundi 2022"]
[Site "Jamundi Valle"]
[Date "2022.12.11"]
[Round "10.1"]
[White "Paredes Lagos, Anthony Javier"]
[Black "Henriquez Villagra, Cristobal"]
[Result "0-1"]
[ECO "D11"]
[WhiteElo "2230"]
[BlackElo "2587"]
[Annotator "TA"]
[PlyCount "136"]
[EventDate "2022.12.05"]
[EventType "swiss"]
[EventCountry "COL"]
[SourceTitle "playchess.com"]
[Source "ChessBase"]
[SourceQuality "1"]
[TimeControl "5400+30"]

1. d4 Nf6 2. g3 d5 3. Nf3 c6 4. c4 Bf5 5. Qb3 Qb6 6. c5 {[%emt 0:01:19] D11: Slav Defence: 3 Nf3 sidelines and 3...Nf6 4 e3 Bg4.} Qxb3 7. axb3 Nbd7 8. b4 {[%emt 0:01:16] The position is equal.} a6 9. Nc3 Rc8 10. Bg2 h6 11. O-O e6 12. Nd2 g5 $5 {[%emt 0:01:55][%mdl 4] Leaves trodden paths.} 13. f3 Bc2 14. e4 Bg7 {[%emt 0:00:43][%cal Bf8g7,Bg7d4,Bd4c3][%mdl 32] [#]} 15. Re1 $146 ({Predecessor:} 15. e5 Ng8 16. f4 Ne7 17. Rf2 gxf4 18. gxf4 Nf5 19. Nf3 Bd3 20. Ra3 Bc4 21. Bh3 {½-½ (102) Oparin,G (2652)-Costachi,M (2471) Chess.com INT 2020}) 15... Ng8 16. exd5 {[%emt 0:01:46] Nde4 is the strong threat.} Bxd4+ 17. Kh1 Bxc3 18. dxc6 (18. bxc3 $11 cxd5 19. c4) 18... Bxb4 $17 19. cxb7 Rxc5 (19... Rc6 {keeps more tension.} 20. f4 Ne7 21. fxg5 hxg5 22. Bxc6 Nxc6 23. Rxa6 Ndb8) 20. Rxa6 Rd5 ({Black should try} 20... Kd8 $1 $17 {[%cal Rd8c7] And now ...Kc7 would win.} 21. Rb6 Bxd2) 21. f4 (21. Ra8+ $14 Ke7 22. Re2) 21... Bxd2 (21... Nb8 $5 22. Ra8 Rd8 $11) 22. Bxd2 (22. Re2 $11 {remains equal.} Bxc1 23. Bxd5) 22... Rxd2 23. Bc6 Kd8 $1 {[%emt 0:03:02] Inhibits b8Q+.} 24. Ra8+ Kc7 25. Rc8+ Kb6 26. Re5 {[%emt 0:02:13] [#]} (26. Bg2 $17 {was necessary.} Rxg2 27. Kxg2) 26... Ba4 $2 27. Bxa4 (27. b8=R+ $11 {keeps the balance.} Nxb8 28. Bxa4) 27... Kxb7 28. Bxd7 Rxd7 29. Rec5 g4 (29... f5 $17 {aiming for ...Rdh7.} 30. Rf8 Rg7) 30. Re8 $15 Rc7 31. Rb5+ Kc6 32. Rbb8 (32. Rb3 $15) 32... Kd5 $17 33. Red8+ (33. Kg2 $142) 33... Ke4 34. Kg2 {[%emt 0:00:54] Prevents h5.} Rc2+ 35. Kg1 {[%emt 0:00:02] [#]} h5 $1 36. Rb5 {[%emt 0:02:56] White threatens Re5+ and mate.} (36. Rb4+ Kf3) 36... f6 {[%emt 0:05:30] Inhibits Re5+.} 37. Re8 Rc6 38. h4 $2 (38. Rb4+ Kf5 39. Rb5+ Kg6 40. b4) 38... gxh3 $19 39. Kh2 h4 {[%emt 0:02:18] ( -> ...hxg3+)} 40. Kxh3 hxg3+ 41. Kxg3 Rd6 42. Rbb8 {[%emt 0:01:39] [#]} Kf5 $1 {[%emt 0:01:17] Hoping for ...Rd3+.} 43. Rb5+ Kg6 44. Rbb8 Kf7 45. b4 Rd3+ 46. Kg2 Rd2+ 47. Kg3 Rb2 $2 ({Avoid the trap} 47... Rd3+ $2 48. Kg2) (47... Rd5 $19 {Strongly threatening ...e5.} 48. Kf3 Rdh5) 48. Rf8+ $1 $15 Kg6 49. Rxg8+ Rxg8 50. Rxg8+ {[%emt 0:00:06][%mdl 4096] Endgame KR-KR} Kf5 {[%emt 0:00:02] Threatens to win with ...Rb3+.} 51. Rb8 $2 {[%emt 0:00:53][%mdl 8192] This costs White the game.} (51. Rf8 $15) 51... Rb3+ $19 52. Kf2 Kxf4 53. Rb6 Ke5 54. Rb8 f5 55. b5 Ke4 (55... f4 $142 56. b6 Ke4 57. Kg2 e5 58. b7 Rb2+ 59. Kg1 f3 60. Kh1 Ke3 61. Re8 Rxb7 62. Rxe5+ Kf2 63. Rh5 Ke2 64. Re5+ Kf1 65. Kh2 Rf7 66. Ra5 f2 67. Ra2 Ke1 68. Ra1+ Ke2 69. Ra2+ Ke3 70. Ra3+ Kd4 71. Ra4+ Kc3 72. Ra1 f1=Q 73. Rxf1 Rxf1 74. Kg3 Kd4 75. Kg4 Ke5 76. Kg3 Ke4 77. Kg4 Rg1+ 78. Kh4 Ke3 79. Kh3 Kf4 80. Kh2 Rg3 81. Kh1 Ke3 82. Kh2 Kf2 83. Kh1 Rh3#) 56. b6 e5 57. b7 f4 58. Ke2 f3+ 59. Kf2 Rb2+ 60. Kg1 Ke3 61. Re8 Rb1+ ({Inferior is} 61... Rxb7 62. Rxe5+ Kd4 63. Re8 $11) 62. Kh2 Rxb7 {[%emt 0:00:37] Black mates.} 63. Rxe5+ {[%emt 0:00:03] [#]} Kf2 $1 64. Rh5 Rf7 65. Rh8 Kf1 66. Rb8 f2 67. Rb2 Ke1 68. Ra2 f1=Q {[%emt 0:00:32] Weighted Error Value: White=0.55/Black=0.34} 0-1

[Event "ITT 1st Parada Jamundi 2022"]
[Site "Jamundi Valle"]
[Date "2022.12.11"]
[Round "10.2"]
[White "Cardoso Cardoso, Jose Gabriel"]
[Black "Delgado Ramirez, Neuris"]
[Result "1-0"]
[ECO "E48"]
[WhiteElo "2483"]
[BlackElo "2572"]
[Annotator "TA"]
[PlyCount "131"]
[EventDate "2022.12.05"]
[EventType "swiss"]
[EventCountry "COL"]
[SourceTitle "playchess.com"]
[Source "ChessBase"]
[SourceQuality "1"]
[TimeControl "5400+30"]

1. d4 Nf6 2. c4 e6 3. Nc3 Bb4 4. e3 O-O 5. Bd3 d5 6. cxd5 exd5 7. a3 {[%emt 0:00:09] E48: Nimzo-Indian: Rubinstein: 5 Bd3 d5 including 6 Ne2, but excluding 6 a3.} Be7 8. Nge2 a5 {[%emt 0:01:55] [#]} 9. Qc2 $146 {[%emt 0:01:22] White has an edge.} ({Predecessor:} 9. O-O Re8 10. Qc2 Na6 11. Nf4 c6 12. Bd2 Nc7 13. Rae1 Ne6 14. Nxe6 Bxe6 15. Na4 {0-1 (38) Drygalov,S (2547)-Yu,Y (2716) Chess.com INT 2022}) 9... Na6 10. Bd2 c5 11. O-O c4 12. Bf5 Bxf5 13. Qxf5 Nc7 14. a4 {[%emt 0:16:47] Prevents b5.} Bb4 15. f3 Re8 16. g4 b5 17. Nf4 g6 {[%emt 0:16:22] Prevents g5.} 18. Qb1 bxa4 19. Rxa4 Qd6 20. Kg2 Nd7 21. h4 Bxc3 22. bxc3 Reb8 (22... Nb6 $5 23. Ra2 a4 $11) 23. Qc2 Qb6 24. Rfa1 Qb3 25. Qc1 Qb5 26. h5 Nb6 27. R4a2 a4 28. Qh1 g5 {[%emt 0:02:03] Inhibits Qh4.} 29. Ne2 h6 30. Ng3 Qe8 ({Black should try} 30... Qc6 $14) 31. Nf5 (31. e4 $142) 31... Qe6 $16 32. Kf2 {[%emt 0:02:41] White is more active.} (32. Re1 $16) 32... Ne8 $11 33. e4 dxe4 {[%emt 0:04:22] White must now prevent ...Nd6.} 34. fxe4 {[%emt 0:00:15] Threatens to win with d5.} (34. Re1 $5 ) 34... Nf6 35. Re1 Nxg4+ (35... Re8 $1 $11 {remains equal.}) 36. Kg3 {[%emt 0:00:29][%mdl 64] [#] Deflection} Nf6 {[%emt 0:00:09] And now ...Ra5 would win.} 37. Nxh6+ Kh7 $2 ({Black should play} 37... Kh8 $14) 38. Bxg5 $18 {[%emt 0:00:42] Really sharp!} (38. Nf5 $2 Re8 39. Kh2 (39. Bxg5 $2 Nxe4+ 40. Qxe4 Qxe4 $19) (39. Rb2 $2 a3 $19) 39... Nxe4 $17) 38... Nfd7 $2 (38... Rg8 {is more resistant.} 39. Nxg8 Rxg8) 39. Qf3 Ra5 (39... Rf8 $142 40. Kh2 Ra5) 40. Qxf7+ Qxf7 41. Nxf7 Rf8 42. Rf1 Kg8 43. Nh6+ Kh7 44. Rf5 Rfxf5 45. Nxf5 (45. exf5 Nd5 $16) 45... Rb5 46. Be7 Rb3 47. Bb4 Nf6 48. Kf4 Rb1 49. Ng3 Nfd7 50. d5 Kg7 51. Nf5+ Kf7 (51... Kh8 $142 52. Ng3 Kg8) 52. Ne3 Nf6 53. Bc5 Nxh5+ 54. Kf3 Nd7 55. Bd4 Rg1 56. e5 Kg6 57. Rxa4 Rg3+ 58. Ke4 Rh3 59. Rxc4 Ng3+ 60. Kf4 $2 (60. Kd3 $18 {aiming for Rc6+.} Nf5 61. Rc6+ Kg5 62. Kd2 Rh2+ 63. Ke1 Rh1+ 64. Kf2 Rh2+ 65. Kg1) 60... Ne2+ $16 {[%emt 0:02:02] [#]} 61. Kg4 $1 ({Less strong is} 61. Ke4 Rh4+ 62. Kd3 Nf4+ 63. Kc2 Nf8 64. Rc6+ Kf7 $18) 61... Rxe3 $2 62. Rc6+ {[%emt 0:00:00] White mates.} Kf7 63. e6+ ({Stronger than} 63. Bxe3 Nxe5+ 64. Kh4 Nxc6 $11) 63... Ke7 64. Bxe3 ({Inferior is} 64. d6+ Kxe6 65. Bxe3 Ne5+ 66. Kh5 Nxc6 $11) 64... Ne5+ 65. Kf5 Nxc6 66. Bc5+ {[%emt 0:00:14] Weighted Error Value: White=0.17 (very precise) /Black=0.38} 1-0

[Event "ITT 1st Parada Jamundi 2022"]
[Site "Jamundi Valle"]
[Date "2022.12.11"]
[Round "10.3"]
[White "Arango Arenas, Juan Camilo"]
[Black "Cruz, Cristhian"]
[Result "0-1"]
[ECO "B21"]
[WhiteElo "2202"]
[BlackElo "2552"]
[Annotator "TA"]
[PlyCount "44"]
[EventDate "2022.12.05"]
[EventType "swiss"]
[EventCountry "COL"]
[SourceTitle "playchess.com"]
[Source "ChessBase"]
[SourceQuality "1"]
[TimeControl "5400+30"]

1. e4 c5 2. d4 cxd4 3. c3 dxc3 4. Nxc3 Nc6 5. Nf3 g6 6. Bc4 Bg7 7. O-O d6 $1 {[%emt 0:00:30] The main line 7...d6 scores better than 7...Nf6.} 8. Qb3 {[%emt 0:00:30] B21: Sicilian: 2 f4 and Morra Gambit.} Na5 9. Bb5+ (9. Bxf7+ Kf8 10. Qd5 Nf6 $17) 9... Bd7 {[%emt 0:00:30] [#]} 10. Qa3 $146 (10. Qa4 $15 Nc6 11. Rd1) ({Predecessor:} 10. Qa4 Nc6 11. Rd1 a6 12. Bxc6 bxc6 13. e5 d5 14. Qd4 f6 15. Bf4 fxe5 16. Bxe5 {0-1 (84) Hng,M (2000)-Srdanovic,J (2127) Novi Sad 2022}) 10... Bxb5 $17 11. Nxb5 Nf6 12. Rd1 O-O $1 ({Don't play} 12... Nxe4 $6 13. Qa4 Nc5 14. Nxd6+ (14. Nxa7+ $2 {is the wrong capture.} Nxa4 15. Nb5 Nc4 $19) (14. Nc7+ Kf8 $17) 14... Kf8 15. Nxf7 $11) 13. e5 {[%emt 0:00:30] [#]} (13. Nc3 $142) 13... Ne4 (13... Ng4 $142 $1 {...Qb6 is the strong threat.} 14. exd6 Qb6) 14. Qd3 dxe5 {[%emt 0:00:30] aiming for ...Qxd3.} 15. Qe2 Nd6 16. Nxe5 Qc8 17. Bd2 (17. Nxd6 $15 exd6 18. Ng4 (18. Rxd6 $2 {too greedy.} Bxe5 19. Qxe5 Nc4 $19)) 17... Nc6 (17... Qe6 {simplifies} 18. Bxa5 Qxe5 19. Qxe5 Bxe5 20. Nxd6 Bxd6 21. Bd2 f6) 18. Bc3 {[%emt 0:00:30] [#]} (18. Nxc6 $17 {might work better.} bxc6 19. Nc3) 18... Nxb5 $1 $19 19. Qxb5 Qf5 20. Re1 Rfd8 ({Better is} 20... Rac8 $19 {White must now prevent ...Nxe5.} 21. g4 Qg5) 21. Re2 $2 (21. Qe2 $17) 21... Bxe5 22. Bxe5 (22. Rxe5 Nxe5 23. Qxe5 Qxe5 24. Bxe5) 22... Nb8 $2 {[%emt 0:00:30][%mdl 32768] Weighted Error Value: White=0.73/Black=0.13 (very precise) . Loss on time!?} ({Black should play} 22... Nd4 $19 23. Qc4 Rac8 24. Qxd4 Rxd4 25. Bxd4 Qd3 26. Rxe7 Qxd4) 0-1

[Event "ITT 1st Parada Jamundi 2022"]
[Site "Jamundi Valle"]
[Date "2022.12.11"]
[Round "10.4"]
[White "Mirzoev, Azer"]
[Black "Campos Gomez, Manuel"]
[Result "1-0"]
[ECO "E09"]
[WhiteElo "2462"]
[BlackElo "2322"]
[Annotator "TA"]
[PlyCount "49"]
[EventDate "2022.12.05"]
[EventType "swiss"]
[EventCountry "COL"]
[SourceTitle "playchess.com"]
[Source "ChessBase"]
[SourceQuality "1"]
[TimeControl "5400+30"]

1. d4 d5 2. Nf3 Nf6 3. c4 c6 4. Qc2 e6 5. g3 Nbd7 6. Bg2 Be7 7. O-O O-O 8. Rd1 b6 9. Nbd2 Ba6 10. b3 c5 11. Bb2 Rc8 12. Rac1 Qc7 {[%emt 0:06:26] E09: Closed Catalan: Main Line: 7 Qc2 c6 8 Nbd2.} 13. Qb1 Qb8 14. cxd5 Nxd5 {[%emt 0:02:58] White has an edge.} 15. Nc4 {[%emt 0:00:13] [#]} b5 $146 ({Black should play} 15... N5f6 $14) ({Predecessor:} 15... cxd4 16. Nxd4 N7f6 17. e4 Bxc4 18. bxc4 Nb4 19. e5 Ng4 20. a3 Na6 21. Qe4 Nxe5 22. Nxe6 {1-0 (30) Stohl,I (2525)-Martinovsky,E (2305) Isle of Man 1995}) 16. Nce5 $16 N7f6 (16... Nxe5 $16 17. Nxe5 Qb7) 17. Ng5 {[%emt 0:16:32] [#] Bxd5 is the strong threat.} Rc7 $2 (17... h6) 18. dxc5 $18 h6 19. Ne4 (19. Nexf7 $142 Rxf7 20. Nxf7 Kxf7 21. e4) 19... Nxe4 (19... b4 {keeps fighting.} 20. e3 Bb5 21. Nxf6+ Nxf6) 20. Qxe4 Bxc5 $2 {[%emt 0:00:17] [#]} (20... Bf6 21. c6 b4) 21. Rxc5 $1 Rxc5 22. Nd7 Qc7 23. Nxc5 ({Less strong is} 23. Qd4 Nc3 24. Re1 (24. Qxc5 Qxc5 25. Nxc5 Nxd1 $17) 24... Rc8 $16) 23... Qxc5 24. Qe5 {[%emt 0:03:08][%csl Gb2,LRd5,LRg7][%cal Re5g7] Prevents Nc3.} g6 25. Qg7# {[%emt 0:00:42] White took control after the opening.   Weighted Error Value: White=0.46/Black=1.42} 1-0